 Dungeon Crawl Stone Soup version 0.31.0-32-g396128a36d (webtiles) character file.

Game seed: 13054766868932518336

231 Ijustatesigmund the Conjurer (level 6, -1/42 HPs)
             Began as an Octopode Conjurer on Mar 21, 2024.
             Was an Initiate of Cheibriados.
             Slain by TangoThomas's ghost (4 damage)
             ... on level 4 of the Dungeon.
             The game lasted 00:07:09 (5085 turns).

Ijustatesigmund the Conjurer (Octopode Conjurer)    Turns: 5085, Time: 00:07:10

Health: -1/42      AC:  1    Str: 14    XL:     6   Next: 4%
Magic:  4/11       EV: 13    Int: 23    God:    Cheibriados [......]
Gold:   216        SH:  0    Dex: 17    Spells: 4/11 levels left

rFire   . . .        g - +0 war axe
rCold   . . .        (no shield)
rNeg    . . .        (helmet restricted)
rPois   +            (no amulet)
rElec   .            b - ring of willpower
rCorr   +            d - +6 ring of dexterity
SInv    .            j - ring of resist corrosion
Will    +....        m - +6 ring of strength
Stlth   +++          t - ring of poison resistance
HPRegen 0.27/turn    (no ring)
MPRegen 0.12/turn    (no ring)
                     (no ring)

%: no passive effects
@: very slow
A: almost no armour, amphibious, 8 rings, camouflage 1, gelatinous body 1,
(nimble swimmer 1), tentacles
a: Renounce Religion


You were on level 4 of the Dungeon.
You worshipped Cheibriados.
Cheibriados was noncommittal.
You visited 1 branch of the dungeon, and saw 4 of its levels.

You collected 216 gold pieces.

Inventory:

Hand Weapons
 g - a +0 war axe (weapon)
Jewellery
 b - a ring of willpower (left tentacle)
 d - a +6 ring of dexterity (right tentacle)
 j - a ring of resist corrosion (on tentacle)
 m - a +6 ring of strength (on tentacle)
 t - a ring of poison resistance (on tentacle)
Scrolls
 c - a scroll of enchant armour {unknown}
 i - a scroll of noise {unknown}
 l - a scroll of enchant weapon {unknown}
 n - a scroll of revelation {unknown}
 o - a scroll of immolation
 p - a scroll of brand weapon {unknown}
 r - a scroll of silence {unknown}
 u - a scroll of summoning {unknown}
Potions
 a - 2 potions of magic
 e - a potion of lignification
 f - a potion of mutation
 k - a potion of haste {unknown}
 q - 2 potions of enlightenment
 s - a potion of degeneration {unknown}
 v - a potion of curing {unknown}
 w - a potion of invisibility {unknown}


   Skills:
 - Level 3.0 Fighting
 + Level 0.4 Axes
 - Level 2.0 Dodging
 - Level 2.6 Stealth
 + Level 3.4 Spellcasting
 - Level 4.7 Conjurations
 + Level 1.8 Translocations
 + Level 0.5 Invocations


You had 4 spell levels left.
You knew the following spells:

 Your Spells              Type           Power      Damage    Failure   Level
a - Magic Dart            Conj           100%       1d8       1%          1
b - Searing Ray           Conj           50%        2d6       2%          2
c - Iskenderun's Mystic   Conj/Tloc      18%        2d6       28%         4

Your spell library contained the following spells:

 Spells                   Type           Power      Damage    Failure   Level
 Freeze                   Ice            16%        1d4       11%         1
 Hailstorm                Conj/Ice       14%        3d6       13%         3
 Frozen Ramparts          Ice            8%         1d2       32%         3
 Summon Ice Beast         Ice/Summ       4%         N/A       32%         3
 Fulminant Prism          Conj/Alch      7%         3d7       38%         4
 Sculpt Simulacrum        Ice/Alch       2%         N/A       100%        6


Dungeon Overview and Level Annotations

Branches:
Dungeon (4/15)
 Temple: D:4-7

Altars:
Cheibriados
Makhleb
Nemelex Xobeh
Trog

Annotations:
D:4 TangoThomas's ghost, novice DsHu


Innate Abilities, Weirdness & Mutations

You cannot wear most types of armour.
You are amphibious.
You can wear up to eight rings at the same time.
Your skin changes colour to match your surroundings (Stealth+).
Your rubbery body absorbs attacks. (AC +1, EV +1)
((You are camouflaged when in or above water. (Stealth+)))
You have tentacles for arms and can constrict up to eight enemies at once.


Message History

You miss TangoThomas's ghost.
TangoThomas's ghost is moderately damaged.
TangoThomas's ghost hits you but does no damage.
TangoThomas's ghost whispers, "The ORB doesn't exist."
TangoThomas's ghost hits you but does no damage.
You hit TangoThomas's ghost.
TangoThomas's ghost is moderately damaged.
TangoThomas's ghost hits you but does no damage.
You hit TangoThomas's ghost but do no damage.
TangoThomas's ghost is moderately damaged.
TangoThomas's ghost hits you.
TangoThomas's ghost hits you but does no damage.
You closely miss TangoThomas's ghost.
TangoThomas's ghost is moderately damaged.
You feel less wooden. TangoThomas's ghost hits you!
You hit TangoThomas's ghost but do no damage.
TangoThomas's ghost is moderately damaged.
TangoThomas's ghost misses you. TangoThomas's ghost hits you.
You hit TangoThomas's ghost.
TangoThomas's ghost is moderately damaged.
TangoThomas's ghost hits you.
You closely miss TangoThomas's ghost.
TangoThomas's ghost is moderately damaged.
TangoThomas's ghost hits you! x2
* * * LOW HITPOINT WARNING * * *
You hit TangoThomas's ghost.
Your squeeze misses TangoThomas's ghost.
TangoThomas's ghost is moderately damaged.
TangoThomas's ghost misses you.
You closely miss TangoThomas's ghost.
TangoThomas's ghost is moderately damaged.
TangoThomas's ghost hits you.
* * * LOW HITPOINT WARNING * * *
TangoThomas's ghost closely misses you.
You closely miss TangoThomas's ghost.
Your squeeze misses TangoThomas's ghost.
TangoThomas's ghost is moderately damaged.
TangoThomas's ghost hits you.
You die...

#.........#
###.........#
#~~~#
..'.........#
#~[~#
###.........#
#~~~#
#########.#
#~~~# #.#
#~~~#
#.###~†~#
#...##W##
###..[@.#
##...## #####


You could see TangoThomas's ghost.

Vanquished Creatures
  An iguana (D:3)
  An orc wizard (D:3)
  Robin (D:3)
  4 gnolls (D:3)
  3 adders
  A river rat (D:4)
  3 dart slugs
  2 ribbon worms (D:3)
  4 orcs (D:3)
  6 endoplasms (D:1)
  4 giant cockroaches
  16 goblins
  6 hobgoblins
  4 jackals (D:3)
  4 quokkas
  7 ball pythons
  A bat (D:2)
  A frilled lizard (D:2)
  6 kobolds
  5 rats
80 creatures vanquished.

Notes
Turn   | Place    | Note
-------+----------+-------------------------------------------
     0 | D:1      | Ijustatesigmund the Octopode Conjurer began the quest for
                  | the Orb.
     0 | D:1      | Reached XP level 1. HP: 11/11 MP: 3/3
   242 | D:1      | Reached XP level 2. HP: 18/18 MP: 3/5
   245 | D:1      | Learned a level 2 spell: Searing Ray
   418 | D:1      | Reached skill level 1 in Fighting
  1303 | D:1      | Reached XP level 3. HP: 23/23 MP: 2/6
  2429 | D:3      | Noticed Robin
  2719 | D:3      | Killed Robin
  2720 | D:3      | Reached XP level 4. HP: 23/29 MP: 1/8
  2888 | D:3      | Found a sparkling altar of Nemelex Xobeh.
  3275 | D:2      | Learned a level 4 spell: Iskenderun's Mystic Blast
  3363 | D:3      | Reached XP level 5. HP: 35/35 MP: 4/9
  3601 | D:3      | Reached skill level 1 in Translocations
  4504 | D:3      | Found a burning altar of Makhleb.
  4504 | D:3      | Noticed a balrug
  4528 | D:3      | Found a snail-covered altar of Cheibriados.
  4545 | D:3      | Became a worshipper of Cheibriados the Contemplative
  4868 | D:4      | Found a bloodstained altar of Trog.
  5052 | D:4      | Found a runed translucent door.
  5053 | D:4      | Noticed TangoThomas's ghost (novice DsHu)
  5054 | D:4      | Identified the +4 scale mail of the Game of Life {rF-
                  | Will++ rCorr}
  5061 | D:4      | Reached XP level 6. HP: 37/42 MP: 5/11
  5085 | D:4      | Slain by TangoThomas's ghost

Illustrated notes

Levels and vault maps discovered:
D:1:      onia_arrival_handbag, layout_basic
D:2:      layout_basic, minivault_27
D:3:      layout_basic, cheibrodos_worm_habitat, nicolae_overflow_hidden_temple,
          makhleb_altar_promises_db, uniq_robin
D:4:      layout_basic, trog_book, ebering_ghost_sewer_f

Skill      XL: |  1  2  3  4  5 |
---------------+----------------+-----
Fighting       | 1 2 3 |  3.0
Spellcasting   | 3 |  3.4
Translocations | 1 |  1.8
Axes           | |  0.4
Dodging        | |  2.0
Stealth        | |  2.6
Conjurations   | |  4.7
Invocations    | |  0.5

Action                     |  1- 3 |  4- 6 || total
---------------------------+-------+-------++-------
  Melee: Unarmed           |     5 |       ||     5
         Tentacles         |     6 |     1 ||     7
         Constrict         |     5 |     4 ||     9
         Short sword       |    12 |     2 ||    14
         Punch             |     1 |       ||     1
         Flail             |       |     7 ||     7
         War axe           |       |    19 ||    19
   Cast: Magic Dart        |    87 |    46 ||   133
         Searing Ray       |       |     9 ||     9
    Use: Scroll            |       |     6 ||     6
         Potion            |       |     2 ||     2
 Armour: Skin              |     8 |    39 ||    47
  Dodge: Dodged            |    12 |    16 ||    28
